 Dungeon Crawl Stone Soup version 0.27.1-1-g398f81649c (webtiles) character file.

Game seed: 13010348093167834673

3023 diana the Twirler (level 10, -5/70 HPs)
             Began as a Djinni Gladiator on Sept 19, 2021.
             Was a Follower of Makhleb.
             Slain by a killer bee (6 damage)
             ... on level 8 of the Dungeon.
             The game lasted 00:24:25 (12172 turns).

diana the Twirler (Djinni Gladiator)               Turns: 12172, Time: 00:24:25

Health: -5/70      AC:  4    Str: 20    XL:     10   Next: 10%
Gold:   339        EV: 17    Int: 11    God:    Makhleb [*.....] SH:  0 Dex: 22

rFire    + + .     SeeInvis .   a - +0 quarterstaff
rCold    x . .     Faith    .   (shield currently unavailable)
rNeg     . . .     Spirit   .   b - +0 leather armour
rPois    ∞         Reflect  .   c - +0 helmet
rElec    .         Harm     .   (no cloak)
rCorr    .         Rampage  .   (no gloves)
Will     +....                  (boots unavailable)
Stlth    ++........             (no amulet)
HPRegen  0.21/turn              e - +6 ring of strength
MPRegen  0.00/turn              p - +6 ring of dexterity

@: flying, studying Crossbows
A: sickness immunity, fire resistance 2, cold vulnerability 1, float, innate
caster, hp casting, extra vitality 1
a: Renounce Religion


You were on level 8 of the Dungeon.
You worshipped Makhleb.
Makhleb was aware of your devotion.
You visited 1 branch of the dungeon, and saw 8 of its levels.

You collected 339 gold pieces.

Inventory:

Hand Weapons
 a - a +0 quarterstaff (weapon)
Missiles
 q - 2 throwing nets
Armour
 b - a +0 leather armour (worn)
 c - a +0 helmet (worn)
Jewellery
 e - a +6 ring of strength (left hand)
 p - a +6 ring of dexterity (right hand)
 w - an amulet of reflection
Wands
 r - a wand of flame (10)
 y - a wand of iceblast (8)
Scrolls
 d - a scroll of holy word {unknown}
 i - 8 scrolls of identify {unknown}
 j - a scroll of magic mapping {unknown}
 k - 2 scrolls of teleportation
 l - a scroll of enchant armour {unknown}
 n - 2 scrolls of fear {unknown}
 s - a scroll of amnesia {unknown}
 u - a scroll of fog {unknown}
 v - a scroll of blinking {unknown}
 x - a scroll of silence {unknown}
Potions
 f - a potion of berserk rage {unknown}
 g - 2 potions of curing
 h - 2 potions of ambrosia {unknown}
 m - 2 potions of haste {unknown}
 o - 4 potions of brilliance {unknown}
 t - 2 potions of mutation {unknown}
 z - a potion of attraction {unknown}


   Skills:
 - Level 5.0 Fighting
 + Level 7.1 Staves
 - Level 1.5 Throwing
 - Level 5.0 Armour
 - Level 7.0 Dodging
 + Level 5.0 Spellcasting


You had 10 spell levels left.
You knew the following spells:

 Your Spells              Type           Power      Damage    Failure   Level
a - Foxfire               Conj/Fire      56%        2x1d6     3%          1
b - Static Discharge      Conj/Air       14%        N/A       4%          2
c - Gell's Gravitas       Tloc           7%         N/A       9%          3
d - Summon Guardian Gole  Hex/Summ       14%        N/A       9%          3
Your spell library was empty.

Dungeon Overview and Level Annotations

Branches:
Dungeon (8/15)             Temple (0/1) D:6
   Lair: D:8-11

Altars:
Makhleb
Trog
Vehumet
Zin

Annotations:
D:5 1 runed translucent door, Lordstoney's ghost, novice DsAK
D:8 4 runed translucent doors, Psyche


Innate Abilities, Weirdness & Mutations

You are immune to sickness and miasma.
You are immune to poison.
Your flesh is very heat resistant. (rF++)
You are vulnerable to cold. (rC-)
You float through the air rather than walking.
You learn spells naturally, not from books.
Your magical power is your life essence.
You have superior vitality. (+4 HP)


Message History

The killer bee is struck by an arc of lightning.
The killer bee is lightly wounded.
The lightning grounds out.
The killer bee is struck by an arc of lightning!
You kill the killer bee!
Makhleb accepts your kill.
The lightning grounds out.
* * * LOW HITPOINT WARNING * * *
The killer bee stings you but does no damage.
The wyvern hisses menacingly.
The killer bee barely misses you. The killer bee misses you. x2
Casting: Static Discharge (safe; 4% risk of failure)
Confirm with . or Enter, or press ? or * to list all spells.
The killer bee is struck by an arc of lightning.
The killer bee is heavily wounded.
The killer bee is struck by an arc of lightning!
The killer bee is severely wounded.
The lightning grounds out.
* * * LOW HITPOINT WARNING * * *
The killer bee completely misses you. The killer bee closely misses you.
The killer bee misses you. The killer bee stings you!
* * * LOW HITPOINT WARNING * * *
Unknown command.
Casting: Static Discharge (safe; 4% risk of failure)
Confirm with . or Enter, or press ? or * to list all spells.
The killer bee is struck by an arc of lightning.
The killer bee is heavily wounded.
The lightning grounds out.
The killer bee is struck by an arc of lightning.
The killer bee is almost dead.
You are struck by an arc of lightning.
* * * LOW HITPOINT WARNING * * *
The lightning grounds out.
* * * LOW HITPOINT WARNING * * *
The killer bee stings you!
* * * LOW HITPOINT WARNING * * *
The killer bee completely misses you. The killer bee stings you.
* * * LOW HITPOINT WARNING * * *
The killer bee stings you.
You die...

..)..
##....#
..#.##
#...######
..#...
#...#l....
..# .#.
#...#hh...
#.. .
#...+Yl...
#...+hh...
#...+ll...
#...+Hl...
#@y.#hhh..
#y†.#hh...
#...######
.#..#
......
.......
..##.....
## #.##..


You could see a manticore, 4 polar bears, a yak, 2 hogs, 2 black bears, 5
wyverns, a wolf and 2 killer bees.

Vanquished Creatures
  Grinder (D:4)
  A wyvern (D:7)
  A steam dragon (D:5)
  Edmund (D:3)
  A water moccasin (D:6)
  An orc warrior (D:4)
  2 black bears (D:6)
  A centaur (D:7)
  A lemure (D:7)
  4 phantoms
  A bullfrog (D:8)
  A scorpion (D:6)
  4 killer bees
  3 howler monkeys (D:6)
  A bullfrog zombie (D:5)
  A hound (D:6)
  A jelly (D:4)
  3 bullfrog skeletons
  2 centaur skeletons
  4 orc priests
  3 iguanas
  6 orc wizards
  A killer bee zombie (D:6)
  3 adders
  2 shadow imps
  A white imp (D:6)
  An ufetubus (D:5)
  A worm (D:2)
  An adder skeleton (D:4)
  An adder zombie (D:5)
  2 dart slugs
  25 orcs
  6 ball pythons
  6 endoplasms
  A giant cockroach (D:3)
  A goblin (D:2)
  8 hobgoblins
  7 jackals (D:1)
  8 kobolds
  2 quokkas
  7 bats
  5 frilled lizards
  4 rats
137 creatures vanquished.

Vanquished Creatures (others)
  Pikel (D:7)
  A lemure (D:7)
  A scorpion (D:5)
  351 foxfires
354 creatures vanquished.

Grand Total: 491 creatures vanquished

Notes
Turn   | Place    | Note
-------+----------+-------------------------------------------
     0 | D:1      | diana the Djinni Gladiator began the quest for the Orb.
     0 | D:1      | Reached XP level 1. HP: 18/18 MP: 0/0
   137 | D:1      | Reached XP level 2. HP: 23/23 MP: 0/0
   456 | D:1      | Reached skill level 1 in Armour
   663 | D:1      | Reached XP level 3. HP: 28/29 MP: 0/0
   663 | D:1      | Learned a level 1 spell: Foxfire
  1405 | D:2      | Reached XP level 4. HP: 34/34 MP: 0/0
  2879 | D:4      | Noticed Edmund
  3148 | D:4      | Reached XP level 5. HP: 22/40 MP: 0/0
  3148 | D:4      | Learned a level 2 spell: Static Discharge
  3320 | D:4      | Noticed a phantom
  3748 | D:4      | Noticed a phantom
  4338 | D:4      | Noticed Grinder
  4373 | D:4      | Killed a phantom
  4374 | D:4      | Reached XP level 6. HP: 12/46 MP: 0/0
  4726 | D:4      | HP: 2/46 [Grinder/nerve-wracking pain (5)]
  5128 | D:5      | Entered Level 5 of the Dungeon
  5154 | D:5      | Found a runed translucent door.
  5154 | D:5      | Noticed Lordstoney's ghost (novice DsAK)
  5169 | D:5      | Reached skill level 1 in Spellcasting
  5880 | D:5      | Noticed an orc warrior
  5929 | D:4      | Paralysed by Grinder for 3 turns
  5933 | D:4      | Killed Grinder
  5934 | D:4      | Reached XP level 7. HP: 28/51 MP: 0/0
  5934 | D:4      | Learned a level 3 spell: Gell's Gravitas
  5967 | D:4      | Found a burning altar of Makhleb.
  5985 | D:4      | Became a worshipper of Makhleb the Destroyer
  6029 | D:4      | Reached skill level 5 in Dodging
  6910 | D:3      | Killed Edmund
  6911 | D:3      | Reached XP level 8. HP: 6/58 MP: 0/0
  8243 | D:6      | Found a glowing silver altar of Zin.
  8327 | D:6      | Found a staircase to the Ecumenical Temple.
  8405 | D:6      | Reached skill level 5 in Staves
  8618 | D:5      | Reached skill level 5 in Fighting
  8619 | D:5      | Reached XP level 9. HP: 20/65 MP: 0/0
  8619 | D:5      | Learned a level 3 spell: Summon Guardian Golem
  9105 | D:6      | Found a bloodstained altar of Trog.
  9518 | D:6      | Reached skill level 5 in Armour
 10155 | D:7      | Reached * piety under Makhleb
 11312 | D:7      | Noticed Pikel
 11325 | D:7      | Killed Pikel
 11326 | D:7      | Reached XP level 10. HP: 21/70 MP: 0/0
 11771 | D:8      | Noticed Psyche
 12151 | D:8      | Found a huge runed translucent gate.
 12151 | D:8      | Found a huge runed translucent gate.
 12152 | D:8      | Found a huge runed translucent gate.
 12153 | D:8      | Found a huge runed translucent gate.
 12153 | D:8      | Noticed a manticore
 12170 | D:8      | Reached skill level 5 in Spellcasting
 12172 | D:8      | HP: 3/70 [killer bee (7)]
 12172 | D:8      | HP: 1/70 [killer bee (2)]
 12172 | D:8      | Slain by a killer bee

Illustrated notes

Levels and vault maps discovered:
D:1:      dpeg_arrival_shelter, layout_loops_corners
D:2:      layout_loops_corners
D:3:      layout_rooms, minmay_misc_feat_hallway, grunt_ministairs_13,
          roderic_nine_men_s_morris, small_statue_intersection, minmay_distorted
D:4:      layout_loops_ring, kennysheep_mini_moat, bloody_makhleb, fountainhead,
          small_statue_intersection, uniq_grinder, uniq_edmund
D:5:      layout_loops_ring, hellmonk_ghost_happy_afterlife
D:6:      layout_basic, kennysheep_mini,
          mainiacjoe_overflow_concentric_impassable,
          minmay_temple_entry_drinking_statues, st_stairs_11
D:7:      layout_loops_ring, minmay_manual_moon, uniq_pikel
D:8:      lemuel_bear_cage, layout_loops_cross, serial_shops,
          nicolae_lakefront_shop, uniq_psyche

Skill      XL: |  1  2  3  4  5  6  7  8  9 10 |
---------------+-------------------------------+-----
Armour         | 1 2 3 4 5 |  5.0
Staves         | 3 4 5 6 7 |  7.1
Dodging        | 4 5 6 7 |  7.0
Fighting       | 3 4 5 |  5.0
Spellcasting   | 1 2 3 4 5 |  5.0
Throwing       | |  1.5

Action                   |  1- 3 |  4- 6 |  7- 9 | 10-12 || total
-------------------------+-------+-------+-------+-------++-------
Melee: Quarterstaff      |    82 |   173 |   109 |    13 ||   377
Throw: Throwing net      |       |     1 |       |       ||     1
 Cast: Foxfire           |       |    47 |   166 |     8 ||   221
       Static Discharge  |       |     4 |    47 |    13 ||    64
       Summon Guardian G |       |       |     9 |     1 ||    10
       Gell's Gravitas   |       |       |     1 |       ||     1
Evoke: Wand              |       |       |     2 |       ||     2
  Use: Potion            |       |     1 |     1 |       ||     2
       Scroll            |       |     1 |       |       ||     1
 Stab: Sleeping          |     1 |     1 |       |       ||     2
       Distracted        |       |     1 |       |       ||     1
Armor: Leather armour    |    36 |    35 |    36 |     3 ||   110
Dodge: Dodged            |    60 |   145 |   165 |    42 ||   412
